 Dungeon Crawl Stone Soup version 0.28.0-43-g3370ac3207 (webtiles) character file.

Game seed: 13485943487404403436

49 Ablot the Grasshopper (level 3, -6/31 HPs)
             Began as a Gnoll Warper on Mar 21, 2022.
             Killed by divine providence
             ... invoked by an orc priest
              (11 damage)
             ... on level 2 of the Dungeon.
             The game lasted 00:01:52 (1584 turns).

Ablot the Grasshopper (Gnoll Warper)                Turns: 1584, Time: 00:01:52

Health: -6/31      AC:  3    Str: 12    XL:     3   Next: 77%
Magic:  9/9        EV: 12    Int: 18    God:
Gold:   37         SH:  0    Dex: 11    Spells: 10/12 levels left

rFire   . . .      SeeInvis .   a - +0 spear
rCold   . . .      Faith    .   (no shield)
rNeg    . . .      Spirit   .   b - +0 leather armour
rPois   .          Reflect  .   (no helmet)
rElec   .          Harm     .   (no cloak)
rCorr   .          Rampage  .   (no gloves)
Will    .....                   (no boots)
Stlth   +.........              (no amulet)
HPRegen 0.10/turn               f - +6 ring of intelligence
MPRegen 0.11/turn               (no ring)

@: confused
A: fangs 1, strong nose, distributed training
a: no special abilities


You were on level 2 of the Dungeon.
You visited 1 branch of the dungeon, and saw 2 of its levels.

You collected 37 gold pieces.

Inventory:

Hand Weapons
 a - a +0 spear (weapon)
Missiles
 d - 5 boomerangs of dispersal (quivered)
 e - 20 stones
 i - 15 bolts
Armour
 b - a +0 leather armour (worn)
Jewellery
 f - a +6 ring of intelligence (left hand)
Scrolls
 c - 2 scrolls of blinking
 h - 2 scrolls of identify {unknown}
 k - a scroll of acquirement {unknown}
Potions
 g - a potion of flight {unknown}
 l - a potion of invisibility {unknown}


   Skills:
 + Level 4.5 Fighting
 + Level 0.9 Short Blades
 + Level 0.9 Long Blades
 + Level 0.9 Axes
 + Level 0.9 Maces & Flails
 + Level 4.5 Polearms
 + Level 0.9 Staves
 + Level 0.9 Slings
 + Level 0.9 Bows
 + Level 0.9 Crossbows
 + Level 2.6 Throwing
 + Level 2.6 Armour
 + Level 4.5 Dodging
 + Level 0.9 Stealth
 + Level 0.9 Shields
 + Level 0.9 Unarmed Combat
 + Level 5.0 Spellcasting
 + Level 0.6 Conjurations
 + Level 0.6 Hexes
 + Level 0.6 Summonings
 + Level 0.6 Necromancy
 + Level 5.4 Translocations
 + Level 0.6 Transmutations
 + Level 0.6 Fire Magic
 + Level 0.6 Ice Magic
 + Level 0.6 Air Magic
 + Level 0.6 Earth Magic
 + Level 0.6 Poison Magic
 + Level 1.0 Invocations
 + Level 0.9 Evocations


You had 10 spell levels left.
You knew the following spells:

 Your Spells              Type           Power      Damage    Failure   Level
a - Blink                 Tloc           48%        N/A       2%          2

Your spell library contained the following spells:

 Spells                   Type           Power      Damage    Failure   Level
 Gell's Gravitas          Tloc           24%        N/A       5%          3
 Lesser Beckoning         Tloc           24%        N/A       5%          3
 Teleport Other           Tloc           24%        N/A       5%          3
 Manifold Assault         Tloc           24%        N/A       45%         5


Dungeon Overview and Level Annotations

Branches:
Dungeon (2/15)

Altars:

Shops:
D:2 (


Innate Abilities, Weirdness & Mutations

You have very sharp teeth.
Your uncanny sense of smell can sniff out nearby items.
Your experience applies equally to all skills.


Message History

The orc wizard mumbles some strange words.
The orc wizard flickers and vanishes!
Deactivating autopickup; reactivate with Ctrl-A.
You hit something but do no damage. Your bite misses something.
Something hits you but does no damage.
You miss something.
The orc priest calls upon Beogh to heal the orc.
The orc's wounds heal themselves!
You hit the orc. You bite the orc.
You kill the orc!
Something hits you but does no damage.
You see here a +0 club.
You hit something. Something hits you.
You hit something but do no damage. Something hits you.
You hit something. Your bite misses something.
Something hits you but does no damage.
You hit something but do no damage.
You hear some strange, mumbled words.
Something tries to affect you, but you resist.
You hit something. Your bite misses something. Something hits you.
You miss something.
The orc priest invokes the aid of Beogh against you.
Beogh smites you!
Ouch! That really hurt!
Something hits you but does no damage.
You barely miss something. Something hits you.
* * * LOW HITPOINT WARNING * * *
You hit something but do no damage.
You hear some strange, mumbled words.
You are confused.
You miss something. Your bite misses something. You barely miss something.
Something hits you.
* * * LOW HITPOINT WARNING * * *
You closely miss something. Something hits you.
* * * LOW HITPOINT WARNING * * *
You bump into the rock wall.
Something hits you.
* * * LOW HITPOINT WARNING * * *
The orc priest mumbles some strange prayers to Beogh against you.
Beogh smites you!
You die...

...#.#
#≈≈≈≈#.≈.........≈
...#.###≈≈≈≈.≈≈≈≈.≈≈≈≈≈≈
≈
...#.##.≈≈≈≈≈≈≈≈≈.≈≈≈≈≈
≈≈ ..##.#
#.≈≈≈≈≈≈≈≈≈≈≈≈o ≈≈≈
#.##.# #..≈≈†≈≈.≈≈≈≈≈
≈≈≈ .....####.≈.....≈..o
..
##.........#######.#(#
#..######....####o)(#
#..# ####...@.o..# #..#
########## #..# ####


You could see an orc priest and an orc.

Vanquished Creatures
  An adder (D:2)
  A worm (D:2)
  A dart slug (D:1)
  2 orcs (D:2)
  3 ball pythons
  4 bats
  3 endoplasms
  2 giant cockroaches
  2 goblins
  3 hobgoblins
  A quokka (D:1)
  4 frilled lizards (D:2)
  A kobold (D:1)
  5 rats
33 creatures vanquished.

Vanquished Creatures (others)
  A plant (D:2)
1 creature vanquished.

Grand Total: 34 creatures vanquished

Notes
Turn   | Place    | Note
-------+----------+-------------------------------------------
     0 | D:1      | Ablot the Gnoll Warper began the quest for the Orb.
     0 | D:1      | Reached XP level 1. HP: 20/20 MP: 6/6
   117 | D:1      | Reached XP level 2. HP: 21/26 MP: 7/7
   120 | D:1      | Learned a level 2 spell: Blink
   343 | D:1      | Found a faded altar of an unknown god.
  1099 | D:2      | Reached XP level 3. HP: 31/31 MP: 9/9
  1152 | D:2      | Reached skill level 5 in Spellcasting
  1186 | D:2      | Found Igose's Antique Weapon Boutique.
  1248 | D:2      | Reached skill level 1 in Invocations
  1267 | D:2      | Identified the +1 scale mail "Qatiyqiph" {Stlth+}
  1584 | D:2      | Killed from afar by an orc priest

Illustrated notes

Levels and vault maps discovered:
D:1:      nzn_arrival_crosshair, layout_basic, hellmonk_ecumenical_altar_zigzags
D:2:      layout_rooms, serial_shops, shop, mrwooster_statue_mirror,
          chequers_serial_rivers_large_a, serial_bayou_pond_c,
          lightli_corner_chamber

Skill      XL: |  1  2  3 |
---------------+----------+-----
Spellcasting   | 5 |  5.0
Invocations    | 1 |  1.0
Fighting       | |  4.5
Short Blades   | |  0.9
Long Blades    | |  0.9
Axes           | |  0.9
Maces & Flails | |  0.9
Polearms       | |  4.5
Staves         | |  0.9
Slings         | |  0.9
Bows           | |  0.9
Crossbows      | |  0.9
Throwing       | |  2.6
Armour         | |  2.6
Dodging        | |  4.5
Stealth        | |  0.9
Shields        | |  0.9
Unarmed Combat | |  0.9
Conjurations   | |  0.6
Hexes          | |  0.6
Summonings     | |  0.6
Necromancy     | |  0.6
Translocations | |  5.4
Transmutations | |  0.6
Fire Magic     | |  0.6
Ice Magic      | |  0.6
Air Magic      | |  0.6
Earth Magic    | |  0.6
Poison Magic   | |  0.6
Evocations     | |  0.9

Action                   || total
-------------------------++-------
Melee: Spear             ||   114
       Bite              ||     7
       Punch             ||     1
Throw: Javelin           ||     2
Armor: Leather armour    ||    19
Dodge: Dodged            ||    43
